 Dungeon Crawl Stone Soup version 0.24-a0-582-g4d4af813a0 (webtiles) character file.

Game seed: 9058502594036452033

1130 Arang the Chopper (level 8, 0/62 HPs)
             Began as a Formicid Fighter on Aug 27, 2019.
             Slain by an orc warrior
             ... wielding a +0 flail
              (4 damage)
             ... on level 6 of the Dungeon.
             The game lasted 00:08:37 (6145 turns).

Arang the Chopper (Formicid Fighter)                Turns: 6145, Time: 00:08:37

Health: 0/62       AC: 12    Str: 22    XL:     8   Next: 62%
Magic:  0/8        EV:  4    Int:  9    God:
Gold:   284        SH:  9    Dex: 10    Spells: 7/7 levels left

rFire    + . .     SeeInvis +   a - +0 war axe
rCold    . . .     Gourm    .   c - +0 shield
rNeg     . . .     Faith    .   z - +0 plate armour
rPois    .         Spirit   +   (helmet unavailable)
rElec    .         Reflect  .   (no cloak)
rCorr    +         Harm     .   (no gloves)
MR       .....                  (no boots)
Stlth    ..........             w - amulet of guardian spirit
HPRegen  0.20/turn              g - ring of protection from fire
MPRegen  0.11/turn              u - ring of resist corrosion

@: lightly drained
A: permanent stasis, dig shafts and tunnels, four strong arms, antennae 3
a: Dig, Shaft Self


You were on level 6 of the Dungeon.
You were not hungry.

You visited 1 branch of the dungeon, and saw 6 of its levels.

You collected 284 gold pieces.

Inventory:

Hand Weapons
 a - a +0 war axe (weapon)
 r - a +0 halberd
 C - a +1 flail of holy wrath
Missiles
 E - 8 silver javelins (quivered)
Armour
 b - a +0 scale mail
 c - a +0 shield (worn)
 z - a +0 plate armour (worn)
 D - a +0 ring mail of cold resistance
Jewellery
 g - a ring of protection from fire (left hand)
 u - a ring of resist corrosion (right hand)
 v - an uncursed ring of flight
 w - an amulet of guardian spirit (around neck)
Scrolls
 e - a scroll of noise {unknown}
 i - 5 scrolls of enchant armour {unknown}
 l - 3 scrolls of remove curse {unknown}
 m - 3 scrolls of enchant weapon {unknown}
 n - 3 scrolls of teleportation {unknown}
 p - 4 scrolls of immolation {unknown}
 x - a scroll of magic mapping {unknown}
 y - a scroll of identify {unknown}
 G - a scroll of brand weapon {unknown}
Potions
 d - 2 potions of might
 h - 3 potions of curing {unknown}
 j - a potion of agility {unknown}
 k - a potion of degeneration {unknown}
 o - 2 potions of haste {unknown}
 q - a potion of magic {unknown}
 s - a potion of invisibility {unknown}
 t - 2 potions of resistance {unknown}
 A - a potion of brilliance {unknown}
 F - a potion of cancellation {unknown}
 H - a potion of berserk rage {unknown}
Comestibles
 f - 10 rations
 B - 2 chunks of flesh


   Skills:
 + Level 5.2(4.9) Fighting
 + Level 7.4(7.0) Axes
 + Level 6.6(6.2) Armour
 - Level 0.2(0.0) Dodging
 - Level 3.6(3.3) Shields


You had 7 spell levels left.
You didn't know any spells.
Your spell library was empty.

Dungeon Overview and Level Annotations

Branches:
Dungeon (6/15)
 Temple: D:4-7

Altars:
Ashenzari
Elyvilon
Makhleb
Trog
Wu Jian

Annotations:
D:5 1 runed translucent door, losten's ghost, novice MiFi


Innate Abilities, Weirdness & Mutations

You cannot be hasted, slowed, berserked, paralysed or teleported.
You can dig through walls and to a lower floor.
Your four strong arms can wield two-handed weapons with a shield.
You have a pair of large antennae on your head. (SInv)


Message History

The orc warrior is almost dead.
You block the orc warrior's attack.
Unknown command.
You hit the orc warrior.
The orc warrior is almost dead.
The orc warrior hits you with a +0 flail!
* * * LOW HITPOINT WARNING * * *
Unknown command.
You barely miss the orc warrior.
The orc warrior is almost dead.
The orc warrior hits you with a +0 flail.
* * * LOW HITPOINT WARNING * * *
Unknown command.
You closely miss the orc warrior.
The orc warrior is almost dead.
The orc warrior hits you with a +0 flail!
* * * LOW HITPOINT WARNING * * *
Okay, then.
The orc warrior hits you with a +0 flail.
You die...

..# ##..## .?.##....##
. ...#.....#### ...
#.........##
.....#)#...?#...#
.$....)....##...#
#.##.#)###..#...# ...
##..o...## #....
#..#@....## #....
#..#..#...# #....
#.....###.###
.............#....##
.######.......#.....###
#.........#.#.....#
##.##............##
#..............###
..................#


You could see an orc warrior.

Vanquished Creatures
  Edmund (D:4)
  An eye of draining (D:3)
  An ice beast (D:5)
  An ogre (D:5)
  A phantom (D:4)
  2 bullfrogs
  2 hounds
  A jelly (D:6)
  An orc priest (D:6)
  A bullfrog skeleton (D:6)
  An iguana (D:6)
  3 orc wizards
  3 worker ants
  A hound skeleton (D:4)
  Robin (D:1)
  A howler monkey zombie (D:5)
  4 gnolls
  4 adders
  A worm (D:3)
  A dart slug (D:3)
  3 leopard geckos
  14 orcs
  A ball python (D:3)
  4 giant cockroaches
  8 hobgoblins
  4 jackals (D:1)
  3 quokkas
  6 bats
  7 frilled lizards
  16 goblins
  8 kobolds
  A quokka zombie (D:5)
  9 rats
116 creatures vanquished.

Notes
Turn   | Place    | Note
-------+----------+-------------------------------------------
     0 | D:1      | Arang the Formicid Fighter began the quest for the Orb.
     0 | D:1      | Reached XP level 1. HP: 18/18 MP: 1/1
   621 | D:1      | Reached XP level 2. HP: 24/24 MP: 2/2
  1569 | D:1      | Reached XP level 3. HP: 29/29 MP: 3/3
  1742 | D:2      | Noticed Robin
  1985 | D:1      | Killed Robin
  1985 | D:1      | Reached skill level 3 in Axes
  2313 | D:2      | Reached XP level 4. HP: 22/37 MP: 4/4
  2479 | D:2      | Reached XP level 5. HP: 34/42 MP: 5/5
  2620 | D:2      | Found a white marble altar of Elyvilon.
  3271 | D:3      | Reached skill level 4 in Axes
  4003 | D:4      | Found a burning altar of Makhleb.
  4064 | D:4      | Reached XP level 6. HP: 42/48 MP: 6/6
  4392 | D:4      | Noticed Edmund
  4395 | D:4      | Noticed a phantom
  4411 | D:4      | Killed Edmund
  4411 | D:4      | Reached skill level 5 in Axes
  4411 | D:4      | Reached skill level 5 in Armour
  4426 | D:4      | Killed a phantom
  4426 | D:4      | Reached XP level 7. HP: 43/55 MP: 7/7
  4535 | D:4      | Found an ornate altar of the Wu Jian Council.
  4756 | D:4      | Found a bloodstained altar of Trog.
  4927 | D:5      | Entered Level 5 of the Dungeon
  4994 | D:5      | Reached skill level 6 in Axes
  5123 | D:5      | Reached XP level 8. HP: 61/61 MP: 8/8
  5492 | D:5      | Found a runed translucent door.
  5494 | D:5      | Noticed losten's ghost (novice MiFi)
  5609 | D:5      | Found a shattered altar of Ashenzari.
  5614 | D:5      | Reached skill level 7 in Axes
  5833 | D:6      | Reached skill level 5 in Fighting
  6135 | D:6      | HP: 2/62 [orc warrior/+0 flail (6)]
  6145 | D:6      | Slain by an orc warrior

Levels and vault maps discovered:
D:1:      tarquinn_simple_flora_water_e, layout_basic, roderic_roman_lattice,
          roderic_lattice_a
D:2:      layout_basic, elyvilon_altar_4, first_ration, uniq_robin
D:3:      layout_loops_ring
D:4:      layout_cave_pools, nicolae_overflow_crystal_walls,
          overflow_temple_1_default, trog_eyes_of_draining, uniq_edmund
D:5:      layout_loops_ring, marbit_many_paths, ebering_ghost_reflecting_pool
D:6:      layout_cave_pools, chequers_temple_overflow_minitemple, serial_shops,
          shop

Skill      XL: |  1  2  3  4  5  6  7  8 |
---------------+-------------------------+-----
Axes           | 3 4 5 6 7 |  7.4
Armour         | 4 5 6 |  6.6
Fighting       | 4 5 |  5.2
Dodging        | |  0.2
Shields        | |  3.6

Action                   |  1- 3 |  4- 6 |  7- 9 || total
-------------------------+-------+-------+-------++-------
Melee: War axe           |   142 |   198 |   196 ||   536
Throw: Javelin           |       |       |     2 ||     2
  Use: Potion            |       |     1 |       ||     1
  Eat: Chunk             |     4 |     8 |     6 ||    18
Armor: Scale mail        |    77 |    56 |       ||   133
       Plate armour      |       |    14 |    87 ||   101
Dodge: Dodged            |    53 |    64 |    28 ||   145
Block: Shield            |    91 |   105 |    86 ||   282

Table legend:
 A = Non-vault XP
 B = Vault XP
 C = Vault XP percentage of total XP
 D = Non-vault monster count
 E = Vault monster count
 F = Vault count percentage of total count
                 A         B        C        D         E       F
            +---------+---------+-------+---------+---------+-------
      Total |    1250 |     365 |  22.6 |     100 |      16 |  13.8
            +---------+---------+-------+---------+---------+-------
        D:1 |      47 |      34 |  42.0 |      25 |      10 |  28.6
        D:2 |      87 |       2 |   2.2 |      11 |       1 |   8.3
        D:3 |      71 |     137 |  65.9 |      24 |       2 |   7.7
        D:4 |     241 |     176 |  42.2 |      10 |       2 |  16.7
        D:5 |     471 |      16 |   3.3 |      19 |       1 |   5.0
        D:6 |     333 |       0 |   0.0 |      11 |       0 |   0.0
            +---------+---------+-------+---------+---------+-------
